 Dungeon Crawl Stone Soup version 0.21.1-1-g345015f (webtiles) character file.

82 Iko the Skirmisher (level 4, -1/40 HPs)
             Began as a Centaur Abyssal Knight on May 25, 2018.
             Was a Follower of Lugonu.
             Killed by divine providence
             ... invoked by an orc priest
              (12 damage)
             ... on level 6 of the Dungeon.
             The game lasted 00:06:20 (584 turns).

Iko the Skirmisher (Centaur Abyssal Knight)          Turns: 584, Time: 00:06:20

Health: -1/40      AC:  8    Str: 14    XL:     4   Next: 21%
Magic:  4/6        EV:  4    Int: 11    God:    Lugonu [*.....]
Gold:   97         SH:  0    Dex: 10    Spells: 3/3 levels left

rFire    + . .     SeeInvis .   a - +1 mace
rCold    + . .     Gourm    .   (no shield)
rNeg     . . .     Faith    .   d - +1 chain mail
rPois    +         Spirit   .   (no helmet)
rElec    +         Reflect  .   (no cloak)
rCorr    +         Harm     .   (no gloves)
MR       .....                  (no barding)
Stlth    ..........             (no amulet)
HPRegen  0.13/turn              (no ring)
MPRegen  0.10/turn              (no ring)

@: resistant, very quick
A: large, hooves 3, deformed body, speed 2, tough skin 3
a: Depart the Abyss, Renounce Religion


You were on level 6 of the Dungeon.
You worshipped Lugonu.
Lugonu was aware of your devotion.
You were not hungry.

You visited 1 branch of the dungeon, and saw 6 of its levels.
You visited the Abyss 1 time.

You collected 97 gold pieces.

Inventory:

Hand Weapons
 a - a +1 mace (weapon)
Armour
 d - a +1 chain mail (worn)
Potions
 b - a potion of haste
 e - a potion of resistance
 i - 2 potions of magic
Comestibles
 c - 4 rations


   Skills:
 + Level 3.9 Fighting
 + Level 2.0 Maces & Flails
 + Level 2.2 Armour
 + Level 0.6 Dodging
 + Level 2.7 Invocations


You had 3 spell levels left.
You didn't know any spells.

Dungeon Overview and Level Annotations

Branches:
Dungeon (6/15)             Temple (0/1) D:4

Altars:

Annotations:
D:6 Dowan, Duvessa


Innate Abilities, Weirdness & Mutations

You have hooves in place of feet.
Armour fits poorly on your strangely shaped body.
You cover ground very quickly.
You have extremely tough skin. (AC +3)


Message History

The howler monkey hits you but does no damage. x2
You hit the howler monkey. You kick the howler monkey.
The howler monkey is almost dead.
The howler monkey barely misses you.
The howler monkey hits you but does no damage.
You hit the howler monkey.
You kill the howler monkey!
Lugonu accepts your kill.
Your Maces & Flails skill increases to level 2!
Your Armour skill increases to level 2!
You have reached level 4!
You feel agile. The orc hits you but does no damage. x2
An orc priest comes into view. It is wielding a dagger.
You thump the orc!
You kill the orc!
Lugonu accepts your kill.
The orc priest calls down the wrath of Beogh upon you.
Beogh smites you!
You die...

### +.# #
#.#.#
#.#o#
##...###
##......+
#@)...###
#†.....#
.....##.##
####..# .#
#... .#
##.# ##
#.# #.#


You could see an orc priest.

Vanquished Creatures
  A howler monkey (D:6)
  A jelly (D:6)
  An orc (D:6)
  2 giant cockroaches (D:1)
  A goblin (D:2)
  A hobgoblin (D:1)
  2 quokkas (D:3)
  3 bats
  A kobold (D:3)
  3 rats
16 creatures vanquished.

Notes
Turn   | Place    | Note
-------+----------+-------------------------------------------
     0 | Abyss:1  | Iko the Centaur Abyssal Knight began the quest for the Orb.
     0 | Abyss:1  | Reached XP level 1. HP: 19/19 MP: 2/2
    64 | Abyss:1  | Noticed an orange demon
   104 | Abyss:2  | Noticed a tentacled starspawn
   110 | Abyss:2  | Noticed a neqoxec
   113 | Abyss:2  | Noticed a wight
   113 | D:1      | Escaped the Abyss
   224 | D:2      | Reached XP level 2. HP: 20/26 MP: 3/3
   504 | D:4      | Found a staircase to the Ecumenical Temple.
   507 | D:5      | Entered Level 5 of the Dungeon
   563 | D:6      | Noticed Duvessa
   565 | D:6      | Reached * piety under Lugonu
   565 | D:6      | Reached XP level 3. HP: 25/33 MP: 3/5
   566 | D:6      | Noticed Dowan
   583 | D:6      | Reached XP level 4. HP: 11/40 MP: 4/6
   584 | D:6      | Killed from afar by an orc priest

Skill      XL: |  1  2  3 |
---------------+----------+-----
Maces & Flails | 2 |  2.0
Armour         | 2 |  2.2
Fighting       | |  3.9
Dodging        | |  0.6
Invocations    | |  2.7

Action                   |  1- 3 |  4- 6 || total
-------------------------+-------+-------++-------
Melee: Mace              |    42 |     1 ||    43
       Kick              |     7 |       ||     7
Invok: Depart the Abyss  |     1 |       ||     1
  Use: Potion            |     4 |       ||     4
       Scroll            |     6 |       ||     6
Armor: Chain mail        |    27 |     2 ||    29
Dodge: Dodged            |    15 |       ||    15
